 Dungeon Crawl Stone Soup version 0.29.0-4-gdea44cf6ec (webtiles) character file.

Game seed: 10088216294883741504

34 qw the Chopper (level 3, -3/21 HPs)
             Began as a Tengu Warper on Aug 28, 2022.
             Slain by a gnoll
             ... wielding a +2 halberd of protection
              (6 damage)
             ... on level 2 of the Dungeon.
             The game lasted 00:00:04 (1183 turns).

qw the Chopper (Tengu Warper)                       Turns: 1183, Time: 00:00:04

Health: -3/21      AC: 10    Str: 13    XL:     3   Next: 31%
Magic:  0/7        EV: 12    Int: 13    God:
Gold:   51         SH:  0    Dex: 13    Spells: 6/6 levels left

rFire   . . .      SeeInvis +   Y - +1 hand axe (protect)
rCold   . . .      Faith    .   (no shield)
rNeg    . . .      Spirit   +   b - +0 leather armour
rPois   .          Reflect  .   (helmet restricted)
rElec   .          Harm     .   (no cloak)
rCorr   .          Rampage  .   (no gloves)
Will    .....                   (boots unavailable)
Stlth   +.........              e - amulet of guardian spirit
HPRegen 0.07/turn               i - ring of see invisible
MPRegen 0.10/turn               (no ring)

@: under a protective aura
A: beak, talons 3
a: no special abilities


You were on level 2 of the Dungeon.
You visited 1 branch of the dungeon, and saw 2 of its levels.

You collected 81 gold pieces.
You spent 30 gold pieces at shops.


Innate Abilities, Weirdness & Mutations

You have a beak for a mouth.
You have claws for feet.


   Skills:
 - Level 2.0 Fighting
 + Level 4.0 Axes
 - Level 1.0 Throwing
 - Level 1.1 Armour
 - Level 2.1 Dodging
 - Level 2.0 Spellcasting
 - Level 2.4 Translocations


You had 6 spell levels left.
You didn't know any spells.
Your spell library contained the following spells:

 Spells                   Type           Power      Damage    Failure   Level
 Blink                    Tloc           14%        N/A       19%         2
 Gell's Gravitas          Tloc           7%         N/A       36%         3
 Lesser Beckoning         Tloc           7%         N/A       36%         3
 Teleport Other           Tloc           7%         N/A       36%         3
 Manifold Assault         Tloc           7%         N/A       98%         5

Inventory:

Hand Weapons
 f - a +0 whip
 Y - a +1 hand axe of protection (weapon)
Armour
 b - a +0 leather armour (worn)
Jewellery
 e - an amulet of guardian spirit (around neck)
 i - a ring of see invisible (left hand)
Scrolls
 a - 4 scrolls of identify
 d - a scroll of teleportation {unknown}
Potions
 c - a potion of brilliance {unknown}
 g - a potion of might {unknown}
 l - a potion of mutation {unknown}
 m - a potion of curing

Dungeon Overview and Level Annotations

Branches:
Dungeon (2/15)

Altars:

Shops:
D:1 !


Message History

The gnoll is severely wounded.
The gnoll closely misses you.
You hit the gnoll but do no damage. You peck the gnoll.
The gnoll is severely wounded.
The gnoll barely misses you.
You hit the gnoll.
You kill the gnoll!
Your Axes skill increases to level 4!
An endoplasm comes into view.
The gnoll throws a throwing net.
The throwing net hits you.
You become entangled in the net!
A gnoll comes into view. It is wielding a +0 halberd.
Things that are here:
a throwing net; a +0 whip; a gnoll corpse You struggle against the net.
The endoplasm quivers.
The gnoll barely misses you.
You struggle against the net.
The gnoll shouts!
You hear a bark!
The gnoll barely misses you.
You struggle against the net.
The gnoll hits you from afar with a +2 halberd of protection!
Ouch! That really hurt!
You shred the net and break free! The gnoll barely misses you.
A jackal comes into view.
The gnoll barely misses you.
You hit the gnoll but do no damage.
Your weapon exudes an aura of protection.
The gnoll closely misses you. The gnoll misses you.
You barely miss the gnoll. Your kick misses the gnoll.
Your peck misses the gnoll. You hit the endoplasm.
The endoplasm closely misses you.
The gnoll hits you with a +2 halberd of protection.
The gnoll hits you from afar with a +0 halberd.
A jackal comes into view.
The endoplasm freezes you.
You are frozen.
The gnoll hits you with a +2 halberd of protection!
You die...

... ..# ###.. #....
#.#########.# #....
..........# ....
.#..........## ...
...........# ..
...........# #.
..#######.##
####.#####.# #...#
#...g@)..#.#####.###
# #.##J###.#.##....#
# . .g. #.#.##'#### #
.. ...h.###.#.....#
###...
#................#
.....
h.........>..........
..#
#...##.###.###......#
..# ....... ...#
......... ..# ..
######.###...###


You could see 2 gnolls, an endoplasm and 2 jackals.

Vanquished Creatures
  An adder (D:2)
  A gnoll (D:2)
  A dart slug (D:2)
  3 ball pythons
  A bat (D:2)
  An endoplasm (D:1)
  A goblin (D:1)
  A hobgoblin (D:1)
  A frilled lizard (D:1)
  2 rats
13 creatures vanquished.

Notes
Turn   | Place    | Note
-------+----------+-------------------------------------------
     0 | D:1      | qw the Tengu Warper began the quest for the Orb.
     0 | D:1      | Reached XP level 1. HP: 12/12 MP: 4/4
     0 | D:1      | 0 ||| qw: Version: 0.1-a-89-g26bdef1
     0 | D:1      | 0 ||| qw: Game counter: 301
     0 | D:1      | 0 ||| qw: Always use a shield: true
     0 | D:1      | 0 ||| qw: God list: Okawaru
     0 | D:1      | 0 ||| qw: Allow faded altars: false
     0 | D:1      | 0 ||| qw: Do Orc after D:15 true
     0 | D:1      | 0 ||| qw: Do second Lair branch before Depths: true
     0 | D:1      | 0 ||| qw: Lair rune preference: random
     0 | D:1      | 0 ||| qw: Plans: Normal
     0 | D:1      | 0 ||| PLANNING D:1-11
   477 | D:1      | Reached XP level 2. HP: 15/17 MP: 6/6
   548 | D:1      | Found Paogerhill's Distillery.
   556 | D:1      | 556 ||| SHOPLISTING 2 potions of resistance (200 gold, have
                  | 38).
   556 | D:1      | 556 ||| SHOPLISTING potion of cancellation (80 gold, have
                  | 38).
   556 | D:1      | 556 ||| BUYING potion of curing (30 gold).
   556 | D:1      | Bought a potion of curing for 30 gold pieces
   556 | D:1      | 556 ||| SHOPLISTING potion of haste (100 gold, have 8).
   556 | D:1      | 556 ||| SHOPLISTING potion of heal wounds (50 gold, have
                  | 8).
   801 | D:1      | 801 ||| UPGRADING to amulet of guardian spirit.
   806 | D:1      | 806 ||| UPGRADING to ring of see invisible.
   807 | D:1      | 807 ||| READING 2 scrolls labelled LUUTHU PIAN.
   808 | D:1      | 808 ||| READING scroll labelled VAWATORAOGG.
   809 | D:1      | 809 ||| READING scroll labelled DYOLODAZUA.
   810 | D:1      | 810 ||| READING scroll labelled BATTAROF VEHUO.
   811 | D:1      | 811 ||| DROPPING scroll of blinking.
   838 | D:2      | Reached skill level 3 in Axes
  1033 | D:2      | Reached XP level 3. HP: 16/21 MP: 7/7
  1169 | D:2      | 1169 ||| Stepping ~*~*~tactically~*~*~ (hiding).
  1176 | D:2      | Reached skill level 4 in Axes
  1183 | D:2      | HP: 3/21 [frozen (4)]
  1183 | D:2      | Slain by a gnoll

Levels and vault maps discovered:
D:1:      mrwooster_arrival_statue_3, layout_basic, serial_shops, shop
D:2:      layout_basic, hangedman_feature_mirror, uniq_natasha

Skill      XL: |  1  2  3 |
---------------+----------+-----
Axes           | 3 4 |  4.0
Fighting       | |  2.0
Throwing       | |  1.0
Armour         | |  1.1
Dodging        | |  2.1
Spellcasting   | |  2.0
Translocations | |  2.4

Action                   || total
-------------------------++-------
Melee: Hand axe          ||    28
       Kick              ||     7
       Peck              ||     2
Throw: Boomerang         ||     7
  Use: Scroll            ||     4
 Stab: Sleeping          ||     1
Armor: Leather armour    ||     4
Dodge: Dodged            ||    16

Table legend:
 A = Non-vault XP
 B = Vault XP
 C = Vault XP percentage of total XP
 D = Non-vault monster count
 E = Vault monster count
 F = Vault count percentage of total count
                 A         B        C        D         E       F
            +---------+---------+-------+---------+---------+-------
      Total |      47 |       2 |   4.1 |      12 |       1 |   7.7
            +---------+---------+-------+---------+---------+-------
        D:1 |      10 |       0 |   0.0 |       6 |       0 |   0.0
        D:2 |      37 |       2 |   5.1 |       6 |       1 |  14.3
            +---------+---------+-------+---------+---------+-------
